 Dungeon Crawl Stone Soup version 0.24-a0-530-g18ba70b503 (webtiles) character file.

Game seed: 8925464277138794670

268 DasRunzen the Skirmisher (level 6, -16/48 HPs)
             Began as a Demonspawn Fighter on Aug 9, 2019.
             Demolished by an orc warrior
             ... wielding a +0 battleaxe
              (17 damage)
             ... on level 7 of the Dungeon.
             The game lasted 00:04:10 (2557 turns).

DasRunzen the Skirmisher (Demonspawn Fighter)       Turns: 2557, Time: 00:04:11

Health: -16/48     AC: 10    Str: 22    XL:     6   Next: 0%
Magic:  6/6        EV:  7    Int:  9    God:
Gold:   150        SH: 11    Dex: 14    Spells: 5/5 levels left

rFire    . . .     SeeInvis .   a - +0 war axe
rCold    . . .     Gourm    .   c - +1 shield
rNeg     . . .     Faith    .   b - +0 scale mail
rPois    .         Spirit   .   (no helmet)
rElec    .         Reflect  .   (no cloak)
rCorr    .         Harm     .   j - +0 pair of gloves
MR       +....                  (no boots)
Stlth    ++........             n - amulet of magic regeneration
HPRegen  0.16/turn              o - ring of protection from magic
MPRegen  0.35/turn              (no ring)

@: mighty
A: claws 2, thin metallic scales 1, nightstalker 1, powered by death 1
a: no special abilities


You were on level 7 of the Dungeon.
You were hungry.

You visited 1 branch of the dungeon, and saw 5 of its levels.

You collected 150 gold pieces.

Inventory:

Hand Weapons
 a - a +0 war axe (weapon)
Armour
 b - a +0 scale mail (worn)
 c - a +1 shield (worn)
 j - a +0 pair of gloves (worn)
Jewellery
 n - an amulet of magic regeneration (around neck)
 o - a ring of protection from magic (left hand)
Scrolls
 e - a scroll of amnesia
 h - a scroll of remove curse
 k - a scroll of teleportation
 p - a scroll of blinking
Potions
 d - a potion of might
 g - 3 potions of magic
 i - a potion of brilliance
 l - a potion of curing {unknown}
 m - a potion of degeneration {unknown}
Comestibles
 f - 5 rations


   Skills:
 + Level 4.0 Fighting
 + Level 3.0 Axes
 + Level 3.6 Armour
 + Level 2.1 Stealth
 + Level 3.7 Shields


You had 5 spell levels left.
You didn't know any spells.
Your spell library was empty.

Dungeon Overview and Level Annotations

Branches:
Dungeon (4/15)
 Temple: D:4-7

Altars:


Innate Abilities, Weirdness & Mutations

You have very sharp fingernails.
You are partially covered in thin metallic scales. (AC +2)
You are slightly more attuned to the shadows.
You regenerate a little health from kills.


Message History

Your base attributes are Str 17, Int 9, Dex 13.
Increase (S)trength, (I)ntelligence, or (D)exterity?
You feel agile.
Your demonic ancestry asserts itself...
Your fingernails sharpen.
You block the orc warrior's attack.
You slash the orc warrior!
The orc warrior is moderately wounded.
The orc warrior hits you with a +0 battleaxe.
* * * LOW HITPOINT WARNING * * *
You slash the orc warrior!
The orc warrior is heavily wounded.
The orc warrior hits you with a +0 battleaxe!
* * * LOW HITPOINT WARNING * * *
You hit the orc warrior but do no damage.
The orc warrior is heavily wounded.
You block the orc warrior's attack.
You hit the orc warrior.
The orc warrior is severely wounded.
The orc warrior hits you with a +0 battleaxe!
You die...

.# . ##.
#. #..
...####..
.o......
<..o..{#
#o# #@##
#..#
##....#
####..#
.# #


You could see an orc warrior.

Vanquished Creatures
  A bullfrog (D:7)
  An iguana (D:3)
  An orc wizard (D:3)
  5 adders
  An ooze (D:2)
  An adder skeleton (D:4)
  2 worms
  A leopard gecko (D:1)
  8 orcs (D:3)
  4 ball pythons
  9 bats
  3 giant cockroaches
  10 goblins
  8 hobgoblins
  13 jackals
  6 kobolds
  2 quokkas
  A quokka skeleton (D:4)
  6 rats
83 creatures vanquished.

Notes
Turn   | Place    | Note
-------+----------+-------------------------------------------
     0 | D:1      | DasRunzen the Demonspawn Fighter began the quest for the
                  | Orb.
     0 | D:1      | Reached XP level 1. HP: 18/18 MP: 1/1
    56 | D:1      | Gained mutation: You are slightly more attuned to the
                  | shadows. [demonic ancestry]
    56 | D:1      | Reached XP level 2. HP: 22/24 MP: 2/2
   289 | D:1      | Gained mutation: You are partially covered in thin metallic
                  | scales. (AC +2) [demonic ancestry]
   289 | D:1      | Reached XP level 3. HP: 22/29 MP: 3/3
   927 | D:2      | Reached skill level 1 in Stealth
   955 | D:2      | Gained mutation: You regenerate a little health from kills.
                  | [demonic ancestry]
   955 | D:2      | Reached XP level 4. HP: 32/35 MP: 4/4
  1611 | D:3      | Gained mutation: You have sharp fingernails. [demonic
                  | ancestry]
  1611 | D:3      | Reached XP level 5. HP: 12/42 MP: 5/5
  2540 | D:4      | You fall into a shaft and drop 3 floors!
  2545 | D:7      | Noticed an orc warrior
  2553 | D:7      | Reached skill level 4 in Fighting
  2553 | D:7      | Gained mutation: You have very sharp fingernails. [demonic
                  | ancestry]
  2553 | D:7      | Reached XP level 6. HP: 11/48 MP: 6/6
  2555 | D:7      | HP: 1/48 [orc warrior/+0 battleaxe (14)]
  2557 | D:7      | Demolished by an orc warrior

Levels and vault maps discovered:
D:1:      dpeg_arrival_rooms_a, layout_loops_ring
D:2:      layout_basic, first_ration
D:3:      layout_basic
D:4:      layout_cave_pools, gammafunk_ghost_cemetery
D:7:      layout_rooms, grunt_temple_overflow_forces_of_nature,
          minmay_temple_entry_butterflies

Skill      XL: |  1  2  3  4  5 |
---------------+----------------+-----
Axes           | 2 3 |  3.0
Armour         | 3 |  3.6
Shields        | 3 |  3.7
Stealth        | 1 2 |  2.1
Fighting       | 4 |  4.0

Action                   |  1- 3 |  4- 6 || total
-------------------------+-------+-------++-------
Melee: War axe           |   123 |   131 ||   254
  Use: Scroll            |     3 |     5 ||     8
       Potion            |       |     1 ||     1
 Stab: Sleeping          |       |     1 ||     1
  Eat: Chunk             |       |     5 ||     5
Armor: Scale mail        |    84 |    65 ||   149
Dodge: Dodged            |    40 |    44 ||    84
Block: Shield            |    81 |    80 ||   161

Table legend:
 A = Non-vault XP
 B = Vault XP
 C = Vault XP percentage of total XP
 D = Non-vault monster count
 E = Vault monster count
 F = Vault count percentage of total count
                 A         B        C        D         E       F
            +---------+---------+-------+---------+---------+-------
      Total |     383 |       0 |   0.0 |      83 |       0 |   0.0
            +---------+---------+-------+---------+---------+-------
        D:1 |      58 |       0 |   0.0 |      32 |       0 |   0.0
        D:2 |      60 |       0 |   0.0 |      17 |       0 |   0.0
        D:3 |     171 |       0 |   0.0 |      31 |       0 |   0.0
        D:4 |       6 |       0 |   0.0 |       2 |       0 |   0.0
        D:7 |      88 |       0 |   0.0 |       1 |       0 |   0.0
            +---------+---------+-------+---------+---------+-------
